 Dungeon Crawl Stone Soup version 0.27-a0-828-g8289197e94 (webtiles) character file.

Game seed: 9537835180831168302

1356 kae the Cleaver (level 8, -12/74 HPs)
             Began as a Hill Orc Fighter on Mar 30, 2021.
             Mangled by a two-headed ogre
             ... wielding a +0 giant spiked club
              (23 damage)
             ... on level 6 of the Dungeon.
             The game lasted 00:04:49 (6794 turns).

kae the Cleaver (Hill Orc Fighter)                  Turns: 6794, Time: 00:04:50

Health: -12/74     AC: 10    Str: 27    XL:     8   Next: 64%
Magic:  8/8        EV:  7    Int:  8    God:
Gold:   324        SH: 10    Dex: 10    Spells: 7/7 levels left

rFire    . . .     SeeInvis .   a - +3 war axe (flame)
rCold    . . .     Faith    .   c - +0 kite shield
rNeg     . . .     Spirit   .   b - +0 scale mail
rPois    .         Reflect  .   (no helmet)
rElec    .         Harm     .   (no cloak)
rCorr    .         Rampage  .   (no gloves)
Will     .....                  (no boots)
Stlth    ..........             m - amulet of regeneration
HPRegen  1.22/turn              h - +4 ring of protection
MPRegen  0.11/turn              j - +6 ring of strength

@: no status effects
A: no striking features
a: no special abilities


You were on level 6 of the Dungeon.
You visited 1 branch of the dungeon, and saw 6 of its levels.
You also visited: Sewer and Ossuary.

You collected 324 gold pieces.

Inventory:

Hand Weapons
 a - a +3 war axe of flaming (weapon)
Armour
 b - a +0 scale mail (worn)
 c - a +0 kite shield (worn)
Jewellery
 h - a +4 ring of protection (left hand)
 j - a +6 ring of strength (right hand)
 m - an amulet of regeneration (around neck)
 n - a ring of protection from fire
 x - an amulet of faith
Wands
 y - a wand of digging (6)
Scrolls
 k - 2 scrolls of holy word
 p - a scroll of fear
 u - a scroll of magic mapping
 z - a scroll of enchant weapon
Potions
 d - 3 potions of might
 e - 4 potions of flight
 f - a potion of mutation
 g - a potion of degeneration
 i - 2 potions of invisibility
 l - 2 potions of berserk rage
 o - 3 potions of brilliance
 q - 2 potions of heal wounds
 r - a potion of magic {unknown}
 s - 3 potions of attraction {unknown}
 t - a potion of lignification {unknown}
 v - a potion of haste {unknown}
 w - a potion of curing {unknown}


   Skills:
 + Level 7.9 Fighting
 * Level 11.1 Axes
 - Level 3.5 Armour
 - Level 3.2 Shields


You had 7 spell levels left.
You didn't know any spells.
Your spell library contained the following spells:

 Spells                   Type           Power      Damage    Failure   Level
 Animate Skeleton         Necr           0%         N/A       99%         1
 Apportation              Tloc           0%         N/A       99%         1
 Beastly Appendage        Tmut           0%         N/A       99%         1
 Corona                   Hex            0%         N/A       99%         1
 Pain                     Necr           0%         1d4       99%         1
 Summon Small Mammal      Summ           0%         N/A       99%         1
 Wereblood                Tmut           0%         N/A       100%        2
 Confusing Touch          Hex            0%         N/A       100%        3
 Gell's Gravitas          Tloc           0%         N/A       100%        3
 Spider Form              Tmut/Pois      0%         N/A       100%        3
 Vampiric Draining        Necr           0%         2d6       100%        3
 Animate Dead             Necr           0%         N/A       100%        4
 Ice Form                 Ice/Tmut       0%         N/A       100%        4
 Petrify                  Tmut/Erth      0%         N/A       100%        4
 Agony                    Necr           0%         N/A       100%        5
 Hydra Form               Tmut           0%         N/A       100%        5
 Metabolic Englaciation   Hex/Ice        0%         N/A       100%        5
 Yara's Violent Unravell  Hex/Tmut       0%         3d3       100%        5


Dungeon Overview and Level Annotations

Branches:
Dungeon (6/15)              Sewer (visited)         Ossuary (visited)
 Temple: D:4-7

Altars:
Trog

Shops:
D:1 =   D:2 *[:

Annotations:
D:4 2 transporters


Message History

No target in view!
No target in view!
You open the door.
There is an open door here.
There is an open door here.
A two-headed ogre is nearby!
A two-headed ogre is nearby!
A two-headed ogre is nearby!
A two-headed ogre is nearby!
The two-headed ogre shouts in stereo!
Okay, then.
Okay, then.
Sorry, you're not good enough to have a special ability.
As you read the scroll of identify, it crumbles to dust.
q - 2 potions of heal wounds You slash the two-headed ogre!
You burn the two-headed ogre.
The two-headed ogre is moderately wounded.
The two-headed ogre hits you with a +0 giant spiked club! x2
You are too injured to fight recklessly!
You are too injured to fight recklessly!
You are too injured to fight recklessly!
You are too injured to fight recklessly!
You are too injured to fight recklessly!
You hit the two-headed ogre but do no damage.
The two-headed ogre is moderately wounded.
You block the two-headed ogre's attack.
The two-headed ogre hits you with a +0 giant spiked club!!
* * * LOW HITPOINT WARNING * * *
You slash the two-headed ogre! You burn the two-headed ogre.
The two-headed ogre is severely wounded.
The two-headed ogre hits you with a +0 giant spiked club!
* * * LOW HITPOINT WARNING * * *
The two-headed ogre hits you with a +0 giant spiked club.
* * * LOW HITPOINT WARNING * * *
Your shield prevents you from hitting the two-headed ogre.
The two-headed ogre is severely wounded.
You hit the two-headed ogre but do no damage.
The two-headed ogre is severely wounded.
The two-headed ogre hits you with a +0 giant spiked club!!
You die...

... #.....#....##...#
..#####.#####....##...#
#................)....
#.....#.........##....
#.....'.........##...#
#.....#...##....##....
#.....######....##....
#.....#.........'.....
#....@#.........##...#
#....O#.........######
#.....#.........#
#.....#.........#
#.....#.........#
#.....#...###...#
#.....##### #####
#.....#


You could see a two-headed ogre.

Vanquished Creatures
  Menkaure (Ossuary)
  Edmund (D:4)
  An orc warrior (D:6)
  A black bear (D:6)
  An ogre (D:6)
  A phantom (D:6)
  A kobold brigand (Sewer)
  2 water moccasin zombies
  A howler monkey (D:5)
  2 centaur zombies (D:6)
  A jelly (D:6)
  2 orc priests
  A centaur skeleton (D:6)
  An iguana (D:6)
  An orc wizard (D:4)
  3 mummies (Ossuary)
  Robin (D:2)
  10 adders
  An ufetubus (D:4)
  A worm (D:2)
  3 dart slugs
  20 orcs
  14 ball pythons
  12 endoplasms
  4 giant cockroaches
  12 goblins
  7 hobgoblins
  9 jackals
  8 kobolds
  6 quokkas
  5 bats
  3 frilled lizards
  6 gnoll skeletons (Ossuary)
  5 gnoll zombies (Ossuary)
  5 goblin skeletons (Ossuary)
  3 goblin zombies (Ossuary)
  3 hobgoblin zombies (Ossuary)
  5 kobold skeletons (Ossuary)
  5 kobold zombies (Ossuary)
  4 orc skeletons (Ossuary)
  6 orc zombies (Ossuary)
  12 rats
  4 rat skeletons (Ossuary)
  3 rat zombies (Ossuary)
198 creatures vanquished.

Vanquished Creatures (collateral kills)
  A bat (D:2)
  A ball python (D:2)
2 creatures vanquished.

Vanquished Creatures (others)
  A goblin skeleton (Ossuary)
  A plant (D:2)
2 creatures vanquished.

Grand Total: 202 creatures vanquished

Notes
Turn   | Place    | Note
-------+----------+-------------------------------------------
     0 | D:1      | kae the Hill Orc Fighter began the quest for the Orb.
     0 | D:1      | Reached XP level 1. HP: 19/19 MP: 1/1
   142 | D:1      | Reached skill level 3 in Axes
   240 | D:1      | Reached XP level 2. HP: 27/27 MP: 2/2
   600 | D:1      | Found Paupt's Jewellery Shop.
   703 | D:1      | Reached XP level 3. HP: 33/33 MP: 3/3
   856 | D:1      | Reached skill level 4 in Axes
  1683 | D:2      | Found Xeilig's Antique Armour Boutique.
  1847 | D:2      | Found Awuscheto's Book Boutique.
  1965 | D:2      | Reached XP level 4. HP: 34/41 MP: 4/4
  1993 | D:2      | Reached skill level 5 in Axes
  2091 | D:2      | Noticed Robin
  2350 | D:2      | Killed Robin
  2631 | D:2      | Found Edos's General Store.
  2860 | D:3      | Reached XP level 5. HP: 33/47 MP: 5/5
  3263 | D:3      | Reached skill level 6 in Axes
  4014 | D:4      | Reached skill level 5 in Fighting
  4033 | D:4      | Noticed Edmund
  4047 | D:4      | Killed Edmund
  4048 | D:4      | Reached skill level 7 in Axes
  4048 | D:4      | Reached XP level 6. HP: 31/56 MP: 6/6
  4234 | D:4      | Found a sand-covered staircase.
  4266 | Ossuary  | Entered an ossuary
  4603 | Ossuary  | Noticed Menkaure
  4608 | Ossuary  | Killed Menkaure
  4609 | Ossuary  | Reached skill level 8 in Axes
  4609 | Ossuary  | Reached XP level 7. HP: 63/63 MP: 7/7
  4892 | D:4      | Found a transporter.
  4963 | D:4      | Found a transporter.
  5283 | D:5      | Entered Level 5 of the Dungeon
  5336 | D:5      | Found a glowing drain.
  5346 | Sewer    | Entered a sewer
  5440 | Sewer    | Found a white marble altar of Elyvilon.
  5657 | D:5      | Reached skill level 9 in Axes
  6081 | D:5      | Found a bloodstained altar of Trog.
  6258 | D:6      | Noticed a two-headed ogre
  6343 | D:6      | Reached XP level 8. HP: 63/73 MP: 8/8
  6434 | D:6      | Reached skill level 10 in Axes
  6684 | D:6      | Reached skill level 11 in Axes
  6794 | D:6      | Mangled by a two-headed ogre

Illustrated notes

Levels and vault maps discovered:
D:1:      psy_arrival_radial02, layout_basic, serial_shops, shop,
          minmay_surrounded
D:2:      layout_loops_ring, serial_shops, nicolae_shop_waterfront,
          nicolae_shop_statue_plus, shop, serial_bayou_pond_b,
          minmay_hexomino_p4, uniq_robin
D:3:      layout_basic, serial_curves, eino_curves_02, eino_curves_02,
          eino_curves_03
D:4:      gammafunk_steamed_eel, layout_basic,
          nicolae_ossuary_entry_false_entrances, uniq_edmund
D:5:      layout_loops_ring, nicolae_overflow_hidden_temple,
          portal_sewer_entry_a, hangedman_decor_points
D:6:      layout_gridville

Skill      XL: |  1  2  3  4  5  6  7  8 |
---------------+-------------------------+-----
Axes           | 3 4 5 7 8 9 11 | 11.1
Fighting       | 4 5 6 7 |  7.9
Armour         | |  3.5
Shields        | |  3.2

Action                   |  1- 3 |  4- 6 |  7- 9 || total
-------------------------+-------+-------+-------++-------
Melee: War axe           |   114 |   249 |   137 ||   500
  Use: Scroll            |     2 |     7 |    12 ||    21
Armor: Scale mail        |    42 |   122 |    67 ||   231
Dodge: Dodged            |    47 |    67 |    28 ||   142
Block: Kite shield       |    59 |   109 |    62 ||   230

Table legend: (Time is in decaauts)
 A = Elapsed time spent in this place.
 B = Non-inter-level travel time spent in this place.
 C = Inter-level travel time spent in this place.
 D = Time resting spent in this place.
 E = Time spent auto-exploring this place.
 F = Levels seen in this place.
 G = Mean time per level.
                   A        B        C        D        E       F      G
               +--------+--------+--------+--------+--------+-----+--------+
         Total |   7025 |   6876 |    149 |    589 |   4918 |   8 |  878.1 |
       Dungeon |   6394 |   6245 |    149 |    587 |   4681 |   6 | 1065.7 |
         Sewer |    170 |    170 |      0 |      0 |    121 |   1 |  170.0 |
       Ossuary |    459 |    459 |      0 |      2 |    116 |   1 |  459.0 |
               +--------+--------+--------+--------+--------+-----+--------+

Top non-repeatable levels by time:
     D:3: 1485 daAuts
     D:1: 1473 daAuts
     D:2: 1095 daAuts
     D:4: 951 daAuts
     D:5: 825 daAuts
     D:6: 563 daAuts
 Ossuary: 459 daAuts
   Sewer: 170 daAuts
